 Dungeon Crawl Stone Soup version 0.31.0-1-g2c135a008e (webtiles) character file.

Game seed: 8465149303164171093

16 qw the Shooter (level 2, -2/23 HPs)
             Began as a Djinni Hunter on Jan 23, 2024.
             Slain by a gnoll
             ... wielding a +0 club
              (8 damage)
             ... on level 1 of the Dungeon.
             The game lasted 00:00:02 (805 turns).

qw the Shooter (Djinni Hunter)                       Turns: 805, Time: 00:00:02

Health: -2/23      AC:  3    Str: 10    XL:     2   Next: 75%
Gold:   47         EV: 12    Int: 10    God:
                   SH:  0    Dex: 16

rFire   + + .        a - +0 shortbow
rCold   x . .        (shield currently unavailable)
rNeg    . . .        c - +0 leather armour
rPois   inf          (no helmet)
rElec   .            (no cloak)
rCorr   .            (no gloves)
SInv    .            (boots unavailable)
Will    .....        (no amulet)
Stlth   +            (no ring)
HPRegen 0.23/turn    (no ring)
MPRegen 0.00/turn

%: infuse magic (-3 HP)
@: flying
A: sickness immunity, fire resistance 2, cold vulnerability 1, float, innate
caster, HP casting, extra vitality 1
a: no special abilities


You were on level 1 of the Dungeon.
You visited 1 branch of the dungeon, and saw 2 of its levels.

You collected 47 gold pieces.


Innate Abilities, Weirdness & Mutations

You are immune to sickness and miasma.
You are immune to poison.
Your flesh is very heat resistant. (rF++)
You are vulnerable to cold. (rC-)
You float through the air rather than walking.
You learn spells naturally, not from books.
Your magical power is your life essence.
You have superior vitality. (+4 MHP)


   Skills:
 - Level 2.0 Fighting
 + Level 3.9 Ranged Weapons
 - Level 2.1 Dodging
 - Level 0.7 Stealth You didn't know any spells. Your spell library was empty.

Inventory:

Hand Weapons
 a - a +0 shortbow (weapon)
Armour
 c - a +0 leather armour (worn)
Potions
 e - a potion of curing

Dungeon Overview and Level Annotations

Branches:
Dungeon (2/15)

Altars:


Message History

You feel strangely unstable.
It was a scroll of teleportation.
You start waiting.
Your surroundings suddenly seem different.
Done exploring.
774 ||| READING scroll labelled YFAUKI AFUIJO.
As you read the scroll labelled YFAUKI AFUIJO, it crumbles to dust.
It is a scroll of amnesia.
You feel forgetful for a moment.
Done exploring.
775 ||| READING scroll labelled BEATEWK TAUD.
As you read the scroll labelled BEATEWK TAUD, it crumbles to dust.
It is a scroll of identify.
775 ||| IDENTIFYING viscous silvery potion
e - a potion of curing Done exploring.
776 ||| DROPPING scroll of butterflies.
You drop a scroll of butterflies.
Done exploring.
What level of the Dungeon? (default 1, ? - help)
There is a faded altar of an unknown god here.
There is a stone staircase leading down here.
You fly downwards.
The gnoll shouts! x3; You hear a loud squeak.
Found a pair of gloves, 5 gold pieces and a black potion.
There is a stone staircase leading up here.
There are monsters nearby!
Waypoint 1 assigned to D:2.
You shoot an arrow. The arrow closely misses the gnoll.
The arrow hits the gnoll.
The gnoll is moderately wounded.
The gnoll hits you from afar with a +0 halberd.
You shoot an arrow. The arrow hits the gnoll.
The gnoll is moderately wounded.
The gnoll hits you from afar with a +0 halberd!
802 ||| STAIRDANCE The gnoll hits you with a +0 club.
The gnoll closely misses you.
You fly upwards.
There is a stone staircase leading down here.
You shoot an arrow. The arrow barely misses the gnoll.
The gnoll hits you with a +0 club.
You shoot an arrow. The arrow closely misses the gnoll.
The gnoll hits you with a +0 club!
You die...

#.# ##..# #. #.#
#..# ####. #.#
#..###.PP. #.#
#..##.P..P #.#
#..##..PP7 ###.#
##..##P.P_.
#...####.).##...7.
#.####......##.PP.
#@###...#)......#.
#g..........#..##.
#.##....[.........
#.##.#.#.#.#.#.#.#
#.##..............
#....#.#.#...#.#.#
#.##..........#...
#.##.#.#.....#.#..
#.#........#.....#


You could see a gnoll.

Vanquished Creatures
  2 goblins (D:1)
  3 hobgoblins (D:1)
  A kobold (D:1)
  A quokka (D:1)
  2 ball pythons (D:1)
  2 bats (D:1)
  5 frilled lizards (D:1)
16 creatures vanquished.

Notes
Turn   | Place    | Note
-------+----------+-------------------------------------------
     0 | D:1      | qw the Djinni Hunter began the quest for the Orb.
     0 | D:1      | Reached XP level 1. HP: 18/18 MP: 0/0
     0 | D:1      | 0 ||| qw: Version: 0.3-a-135-gb77e89d
     0 | D:1      | 0 ||| qw: Game counter: 788
     0 | D:1      | 0 ||| qw: Melee chars always use a shield: true
     0 | D:1      | 0 ||| qw: God list: Okawaru
     0 | D:1      | 0 ||| qw: Allow faded altars: false
     0 | D:1      | 0 ||| qw: Do Orc after clearing Dungeon:15 true
     0 | D:1      | 0 ||| qw: Do second Lair branch before Depths: true
     0 | D:1      | 0 ||| qw: Lair rune preference: random
     0 | D:1      | 0 ||| qw: Goals: Normal
     0 | D:1      | 0 ||| PLANNING D:1-11
    65 | D:1      | Found a faded altar of an unknown god.
   159 | D:1      | Reached XP level 2. HP: 23/23 MP: 0/0
   770 | D:1      | 770 ||| READING scroll labelled ODYONK CAPHUAR.
   774 | D:1      | 774 ||| READING scroll labelled YFAUKI AFUIJO.
   775 | D:1      | 775 ||| READING scroll labelled BEATEWK TAUD.
   775 | D:1      | 775 ||| IDENTIFYING viscous silvery potion
   776 | D:1      | 776 ||| DROPPING scroll of butterflies.
   802 | D:2      | 802 ||| STAIRDANCE
   804 | D:1      | HP: 5/23 [gnoll/+0 club (6)]
   805 | D:1      | Slain by a gnoll

Levels and vault maps discovered:
D:1:      psy_arrival_conway, layout_loops_ring,
          ebering_ecumenical_altar_petrified, hangedman_decor_riveting
D:2:      layout_rooms

Action                     || total
---------------------------++-------
   Fire: Shortbow          ||    60
    Use: Scroll            ||     3
 Armour: Leather armour    ||    19
  Dodge: Dodged            ||    19

Table legend:
 A = Non-vault XP
 B = Vault XP
 C = Vault XP percentage of total XP
 D = Non-vault monster count
 E = Vault monster count
 F = Vault count percentage of total count
                 A         B        C        D         E       F
            +---------+---------+-------+---------+---------+-------
      Total |      24 |       0 |   0.0 |      16 |       0 |   0.0
            +---------+---------+-------+---------+---------+-------
        D:1 |      24 |       0 |   0.0 |      16 |       0 |   0.0
            +---------+---------+-------+---------+---------+-------
